 Dungeon Crawl Stone Soup version 0.21-a0-472-g223bcb9 (webtiles) character file.

51 slep the Slasher (level 3, -5/29 HPs)
             Began as a Demonspawn Monk on Nov 21, 2017.
             Slain by Robin
             ... wielding a +0 mace
              (6 damage)
             ... on level 2 of the Dungeon.
             The game lasted 00:04:42 (1266 turns).

slep the Slasher (Demonspawn Monk)                  Turns: 1266, Time: 00:04:42

Health: -5/29      AC:  2    Str: 11    XL:     3   Next: 58%
Magic:  0/3        EV: 11    Int: 14    God:
Gold:   53         SH:  4    Dex: 16    Spells: 2/2 levels left

rFire    . . .     SeeInvis .   a - +0 falchion
rCold    . . .     Gourm    .   h - +1 buckler
rNeg     . . .     Faith    .   e - +0 ring mail
rPois    .         Spirit   +   (no helmet)
rElec    .         Reflect  .   (no cloak)
rCorr    .         Harm     .   (no gloves)
MR       .....                  (no boots)
Stlth    +.........             (no amulet)
HPRegen  0.09/turn              d - +3 ring of intelligence
MPRegen  0.08/turn              k - -3 ring of protection (curse)

@: no status effects
A: magic shield
a: no special abilities


You were on level 2 of the Dungeon.
You were very hungry.

You visited 1 branch of the dungeon, and saw 2 of its levels.

You collected 53 gold pieces.

Inventory:

Hand Weapons
 a - a +0 falchion (weapon)
Armour
 b - a +0 robe
 e - a +0 ring mail (worn)
 h - a +1 buckler (worn)
Jewellery
 d - a +3 ring of intelligence (left hand)
 g - a cursed ring of loudness {unknown}
 k - a cursed -3 ring of protection (right hand)
Scrolls
 j - a scroll of random uselessness
Comestibles
 c - a bread ration
 i - 2 meat rations


   Skills:
 + Level 3.2 Fighting
 + Level 3.4 Long Blades
 + Level 0.8 Armour
 + Level 3.0 Dodging
 + Level 2.1 Stealth


You had 2 spell levels left.
You didn't know any spells.

Dungeon Overview and Level Annotations

Branches:
Dungeon (2/15)

Altars:
Dithmenos

Annotations:
D:2 Natasha, Robin


Innate Abilities, Weirdness & Mutations

When hurt, damage is shared between your health and your magic reserves.


Message History

You kill the hobgoblin!
You hit Robin.
Robin is moderately wounded.
You block Robin's attack.
You closely miss Robin.
Robin is moderately wounded.
Robin completely misses you.
You hit Robin.
Robin is moderately wounded.
Robin says, "Kneel, worm!"
Robin hits you with a mace.
* * * LOW HITPOINT WARNING * * *
You closely miss Robin.
Robin is moderately wounded.
Robin misses you.
You closely miss Robin.
Robin is moderately wounded.
The hobgoblin no longer looks unusually strong.
Robin hits you with a mace.
You die...

### ..# #.# #.#
#.# #g# .. ### #g#
... ..# #@# #.#
#.# #)# ###.# #.#
#.# ##....# #.#
#.# ####.###.# #.#
#.#
...<...#.###.###.#
####.............#
##........#####
#...######


You could see Robin and a hobgoblin.

Vanquished Creatures
  A gnoll (D:1)
  An ooze (D:2)
  2 giant cockroaches (D:1)
  8 goblins
  6 hobgoblins
  6 bats (D:1)
  3 frilled lizards
  6 kobolds (D:1)
  2 rats (D:1)
35 creatures vanquished.

Notes
Turn   | Place    | Note
-------+----------+-------------------------------------------
     0 | D:1      | slep the Demonspawn Monk began the quest for the Orb.
     0 | D:1      | Reached XP level 1. HP: 18/18 MP: 1/1
   174 | D:1      | Gained mutation: When hurt, damage is shared between your health and your magic reserves. [demonic ancestry]
   174 | D:1      | Reached XP level 2. HP: 9/24 MP: 2/2
   550 | D:1      | Reached XP level 3. HP: 15/29 MP: 3/3
   988 | D:2      | Found a shadowy altar of Dithmenos.
   988 | D:2      | Noticed Natasha
  1245 | D:2      | Noticed Robin
  1264 | D:2      | HP: 1/29 [Robin/mace (3)]
  1266 | D:2      | Slain by Robin

Vault maps used:
D:1:      dpeg_arrival_rhombus, roderic_roman_lattice, st_stairs_11,
          kennysheep_minor_cross
D:2:      nemelex_xobeh_ov_fountains_minmay, gammafunk_temple_overflow_statue,
          nicolae_dithmenos_shadow_blocks, uniq_natasha, uniq_robin,
          uniq_sigmund

Skill      XL: |  1  2  3 |
---------------+----------+-----
Long Blades    | 3 |  3.4
Stealth        | 2 |  2.1
Dodging        | 3 |  3.0
Fighting       | |  3.2
Armour         | |  0.8

Action                   || total
-------------------------++-------
Melee: Falchion          ||   109
  Use: Scroll            ||     2
 Stab: Sleeping          ||     3
Armor: Ring mail         ||    37
       Robe              ||     4
Dodge: Dodged            ||    86
Block: Buckler           ||    14
       Rpst.: Falchion   ||    26

Table legend:
 A = Spawn XP
 B = Non-spawn XP
 C = Spawn XP percentage of total XP
 D = Spawn monster count
 E = Non-spawn monster count
 F = Spawn count percentage of total count
 G = Total turns spent on level
                    A         B        C        D         E        F      G
               +---------+---------+-------+---------+---------+-------+---------
         Total |       0 |      74 |   0.0 |       0 |      35 |   0.0 |  1266
               +---------+---------+-------+---------+---------+-------+---------
           D:1 |       0 |      55 |   0.0 |       0 |      27 |   0.0 |  1198
           D:2 |       0 |      19 |   0.0 |       0 |       8 |   0.0 |    68
               +---------+---------+-------+---------+---------+-------+---------
